 Dungeon Crawl Stone Soup version 0.18-a0-1070-gd466a24 (webtiles) character file.

188 Erad1cat0r the Sneak (level 5, -4/33 HPs)
             Began as an Octopode Artificer on Jan 13, 2016.
             Slain by Grinder (9 damage)
             ... on level 3 of the Dungeon.
             The game lasted 00:15:50 (4226 turns).

Erad1cat0r the Sneak (Octopode Artificer)           Turns: 4226, Time: 00:15:50

Health: -4/33      AC:  1    Str: 11    XL:     5   Next: 67%
Magic:  8/8        EV: 12    Int: 14    God:
Gold:   83         SH:  0    Dex: 13    Spells: 0 memorised, 4 levels left

rFire  . . .     SeeInvis .     o - +1 short sword (holy)
rCold  . . .     Gourm    .     (no shield)
rNeg   . . .     Faith    .     (helmet restricted)
rPois  .         Spirit   .     (no amulet)
rElec  .         Dismiss  .     (no ring)
rCorr  .         Reflect  .     (no ring)
SustAt .         Harm     .     (no ring)
MR     .....                    (no ring)
Stlth  +++++.....               (no ring)
                                (no ring)
                                (no ring)
                                (no ring)

@: not resistant to hostile enchantments, quite stealthy
A: almost no armour, amphibious, 8 rings, constrict 8, camouflage 1, gelatinous
body 1
a: no special abilities


You were on level 3 of the Dungeon.
You were very hungry.

You visited 1 branch of the dungeon, and saw 3 of its levels.

You collected 83 gold pieces.

Inventory:

Hand Weapons
 o - a +1 short sword of holy wrath (weapon)
 r - a +0 great sword
Wands
 b - a wand of flame (0/48)
 c - a wand of enslavement (6/24)
 d - a wand of random effects (12/48)
Scrolls
 g - 2 scrolls of magic mapping {unknown}
 j - a scroll of identify {unknown}
 k - 2 scrolls of enchant armour {unknown}
 m - 2 scrolls of teleportation {unknown}
 p - a scroll of enchant weapon {unknown}
 q - a scroll of fear {unknown}
 t - a scroll of remove curse {unknown}
 u - 2 scrolls of fog {unknown}
Potions
 a - 2 potions of brilliance {unknown}
 e - a potion of lignification {unknown}
 h - a potion of curing {unknown}
 l - 2 potions of heal wounds {unknown}
 s - a potion of poison {unknown}
Comestibles
 f - a bread ration
 i - a beef jerky
 n - 2 meat rations


   Skills:
 - Level 1.0 Fighting
 - Level 1.0 Short Blades
 - Level 2.2 Dodging
 + Level 7.0 Stealth
 - Level 4.0 Evocations


You had 4 spell levels left.
You didn't know any spells.

Dungeon Overview and Level Annotations

Branches:
Dungeon (3/15)

Altars:
Yredelemnul

Annotations:
D:3 Erad1cat0r's ghost, amateur OpAr; Grinder


Innate Abilities, Weirdness & Mutations

You cannot wear most types of armour.
You are amphibious.
You can wear up to eight rings at the same time.
You can use your tentacles to constrict eight enemies at once.
Your skin changes colour to match your surroundings (Stealth).
Your rubbery body absorbs attacks (AC +1).


Message History

Grinder is moderately wounded.
You constrict Grinder.
Grinder gestures.
Grinder struggles to blink free from constriction.
You completely miss Grinder.
Grinder is moderately wounded.
You constrict Grinder. Grinder gestures at you. Pain shoots through your body!
* * * LOW HITPOINT WARNING * * *
You barely miss Grinder.
Grinder is moderately wounded.
You constrict Grinder. Grinder barely misses you.
You hit Grinder.
Grinder convulses.
Grinder is heavily wounded.
You constrict Grinder. Grinder misses you.
You hit Grinder but do no damage.
Grinder is heavily wounded.
You constrict Grinder. Grinder hits you!
You die...

## .. # .# #
###.#####.# .#
...>....#.#..#
#.#<..<....# #
#......###.# #
#......5...# #
#......@.### #
#..........# #
###..###.#..... #
##. .#..### # .. .#
## # ###### ..
#.#######.#### ##
#............######.
########.#.#.#.#.#..


You could see Grinder.

Vanquished Creatures
  2 orc wizards (D:3)
  Robin (D:3)
  3 adders
  5 worms
  4 giant geckos
  3 orcs (D:3)
  6 bats
  4 giant cockroaches
  14 goblins
  7 hobgoblins
  2 jackals (D:3)
  2 quokkas (D:2)
  4 giant newts
  6 kobolds
  7 rats
70 creatures vanquished.

Vanquished Creatures (collateral kills)
  An orc (D:3)
1 creature vanquished.

Vanquished Creatures (others)
  An orc (D:3)
  A goblin (D:3)
  3 jackals (D:3)
5 creatures vanquished.

Grand Total: 76 creatures vanquished

Notes
Turn   | Place    | Note
--------------------------------------------------------------
     0 | D:1      | Erad1cat0r the Octopode Artificer began the quest for the Orb.
     0 | D:1      | Reached XP level 1. HP: 13/13 MP: 3/3
   189 | D:1      | Reached XP level 2. HP: 16/18 MP: 4/4
  1025 | D:2      | Reached skill level 4 in Evocations
  1025 | D:2      | Reached XP level 3. HP: 6/23 MP: 4/6
  1398 | D:2      | Found a basalt altar of Yredelemnul.
  2217 | D:2      | Reached XP level 4. HP: 28/28 MP: 7/7
  2774 | D:3      | Reached skill level 5 in Stealth
  3284 | D:3      | Reached skill level 6 in Stealth
  3284 | D:3      | Reached XP level 5. HP: 33/33 MP: 8/8
  3382 | D:3      | Noticed Robin
  3763 | D:3      | Killed Robin
  3881 | D:3      | Reached skill level 7 in Stealth
  3886 | D:3      | Noticed Erad1cat0r's ghost (amateur OpAr)
  4218 | D:3      | Noticed Grinder
  4226 | D:3      | Slain by Grinder

Vault maps used:
D:1:      evilmike_arrival_hilbert_curve
D:2:      yredelemnul_altar_generic
D:3:      first_bread, minivault_23, uniq_grinder, uniq_robin,
          uniq_crazy_yiuf_cottage, uniq_sigmund

Action                   |  1- 3 |  4- 6 || total
-------------------------+-------+-------++-------
Melee: Short sword       |    73 |    71 ||   144
Evoke: Wand              |     1 |    26 ||    27
 Stab: Sleeping          |    11 |     6 ||    17
       Distracted        |       |     1 ||     1
  Eat: Chunk             |     4 |     5 ||     9
